 Dungeon Crawl Stone Soup version 0.25-a0-890-g62861fb (webtiles) character file.

Game seed: 3685858058932006425, levelgen mode: deterministic

113030 Faca the Warrior (level 16, -2/138 HPs)
             Began as a Mummy Fighter on May 1, 2020.
             Was an Initiate of Gozag.
             Slain by a spiny frog (8 damage)
             ... on level 1 of the Swamp on May 3, 2020.
             The game lasted 01:11:35 (27903 turns).

Faca the Warrior (Mummy Fighter)                   Turns: 27903, Time: 01:11:36

Health: -2/138     AC: 23    Str: 30    XL:     16   Next: 13%
Magic:  16/16      EV:  7    Int:  8    God:    Gozag
Gold:   3425       SH: 22    Dex: 11    Spells: 15/15 levels left

rFire    + + .     SeeInvis +   i - +4 morningstar (freeze)
rCold    + + +     Gourm    .   c - +1 kite shield
rNeg     + + +     Faith    .   z - +1 plate armour {rF+}
rPois    ∞         Spirit   .   b - +1 helmet "Iko Yhed" {-Cast rC+ Regen+}
rElec    .         Reflect  +   w - +0 cloak {rC+}
rCorr    .         Harm     .   h - +0 pair of gloves
MR       ++...     NoCast   +   x - +0 pair of boots
Stlth    ..........             m - brooch of Shielding {Reflect SH+8}
HPRegen  0.73/turn              u - ring of protection from fire
MPRegen  0.15/turn              g - ring "Padyo" {rPois rF+ rN+ Str+4 SInv}

@: about to teleport, gold aura, slowed, very slow
A: no food or potions, fire vulnerability, cold resistance 1, negative energy
resistance 3, torment resistance, unbreathing, in touch with death 1
a: Potion Petition, Call Merchant, Bribe Branch, Renounce Religion


You were on level 1 of the Swamp.
You worshipped Gozag.
Gozag was most pleased with you.
You were not hungry.

You visited 5 branches of the dungeon, and saw 25 of its levels.
You also visited: Ice Cave.

You collected 8584 gold pieces.
You spent 2874 gold pieces at shops.
You paid 2285 gold pieces to Gozag.

Inventory:

Hand Weapons
 i - a +4 morningstar of freezing (weapon)
Missiles
 p - 10 boomerangs (quivered)
 t - 18 javelins
Armour
 b - the +1 helmet "Iko Yhed" (worn) {-Cast rC+ Regen+}
   (You took it off Robin on level 3 of the Dungeon)

   It protects you from cold.
   It prevents spellcasting.
   It increases your rate of regeneration.
 c - a +1 kite shield (worn)
 h - a +0 pair of gloves (worn)
 r - a +2 tower shield
 w - a +0 cloak of cold resistance (worn)
 x - a +0 pair of boots (worn)
 z - a +1 plate armour of fire resistance (worn)
Jewellery
 g - the ring "Padyo" (right hand) {rPois rF+ rN+ Str+4 SInv}
   (You bought it in a shop on level 2 of the Orcish Mines)

   [ring of protection from fire]

   It affects your strength (+4).
   It protects you from fire.
   It protects you from poison.
   It protects you from negative energy.
   It lets you see invisible.
 m - the brooch of Shielding (around neck) {Reflect SH+8}
   (You bought it in a shop on level 2 of the Orcish Mines)

   [amulet of reflection]

   It shields you and reflects attacks.
   It affects your SH (+8).
 n - an uncursed ring of protection from magic
 u - a ring of protection from fire (left hand)
 B - an uncursed ring of resist corrosion
Wands
 d - a wand of iceblast (51)
 l - a wand of scattershot (3)
 v - a wand of acid (21)
 y - a wand of enslavement (7)
Scrolls
 a - a scroll of fog
 e - 15 scrolls of identify
 f - 6 scrolls of teleportation
 j - a scroll of magic mapping
 k - 6 scrolls of enchant weapon
 o - a scroll of silence
 q - a scroll of enchant armour
 s - 13 scrolls of remove curse
 A - 3 scrolls of blinking


   Skills:
 + Level 15.9 Fighting
 + Level 13.6 Maces & Flails
 + Level 3.2 Throwing
 + Level 11.2 Armour
 + Level 11.1 Shields


You had 15 spell levels left.
You didn't know any spells.
Your spell library contained the following spells:

 Spells                   Type           Power        Failure   Level  Hunger
 Animate Skeleton         Necr           N/A          99%         1    N/A
 Corona                   Hex            #......      99%         1    N/A
 Freeze                   Ice            #...         99%         1    N/A
 Pain                     Necr           #...         99%         1    N/A
 Ensorcelled Hibernation  Hex/Ice        #.....       100%        2    N/A
 Confusing Touch          Hex            #.......     100%        3    N/A
 Dazzling Flash           Conj/Hex       #.....       100%        3    N/A
 Frozen Ramparts          Ice            #.....       100%        3    N/A
 Ozocubu's Armour         Chrm/Ice       #.......     100%        3    N/A
 Static Discharge         Conj/Air       #.......     100%        3    N/A
 Tukima's Dance           Hex            #.......     100%        3    N/A
 Vampiric Draining        Necr           #.........   100%        3    N/A
 Animate Dead             Necr           N/A          100%        4    N/A
 Hailstorm                Conj/Ice       #.......     100%        4    N/A
 Summon Ice Beast         Ice/Summ       #.......     100%        4    N/A
 Agony                    Necr           #.......     100%        5    N/A
 Lightning Bolt           Conj/Air       #.........   100%        5    N/A
 Metabolic Englaciation   Hex/Ice        #.........   100%        5    N/A
 Freezing Cloud           Conj/Ice/Air   #.........   100%        6    N/A
 Ozocubu's Refrigeration  Ice            #.........   100%        6    N/A
 Simulacrum               Ice/Necr       #.........   100%        6    N/A
 Ignition                 Fire           #.........   100%        8    N/A
 Shatter                  Erth           #.........   100%        9    N/A
 Tornado                  Air            #.........   100%        9    N/A
 Ice Form                 Ice/Tmut       Unusable     N/A         4    N/A

Dungeon Overview and Level Annotations

Branches:
Dungeon (15/15)            Temple (1/1) D:7            Lair (6/6) D:8
  Swamp (1/4) Lair:3        Snake (0/4) Lair:2        Slime (0/5) Lair:6
    Orc (2/2) D:9             Elf (0/3) Orc:2        Vaults (0/5) D:13
 Depths (0/5) D:15          IceCv (visited)

Altars:
Ashenzari
Cheibriados
Dithmenos
Elyvilon
Fedhas
Gozag
Hepliaklqana
Kikubaaqudgha
Makhleb
Nemelex Xobeh
Okawaru
Qazlal
Ru
Sif Muna
Trog
Uskayaw
Vehumet
Wu Jian
Xom
Yredelemnul
Zin
The Shining One
Jiyva

Shops:
D:8 *   D:9 =   D:13 !   Orc:2 :*=(([([

Portals:
Hell: Lair:6
Trove: D:12 (give 6 scrolls of blinking)

Annotations:
D:4 1 runed translucent door
Lair:1 exclusion: 3 oklob plants


Innate Abilities, Weirdness & Mutations

You do not eat or drink.
Your flesh is vulnerable to fire.
You are immune to poison.
Your flesh is cold resistant. (rC+)
You are immune to negative energy. (rN+++)
You are immune to unholy pain and torment.
You can survive without breathing.
You are in touch with the powers of death.


Message History

You closely miss the wraith. The wraith hits you but does no damage.
You block the spriggan rider's attack. You block the wraith's attack.
The wraith hits you!
* * * LOW HITPOINT WARNING * * *
The wraith drains your vigour!
You feel as though you will be slow longer.
As you read the scroll of teleportation, it crumbles to dust.
You feel strangely unstable.
The spiny frog is no longer distracted by gold.
You block the spiny frog's attack.
The spriggan rider hits you from afar with a +0 spear!
* * * LOW HITPOINT WARNING * * *
You block the wraith's attack. x2; The spiny frog stings you!
* * * LOW HITPOINT WARNING * * *
The spriggan rider closely misses you. The wraith hits you!
* * * LOW HITPOINT WARNING * * *
You block the wraith's attack. You block the spriggan rider's attack.
The spiny frog stings you!
You die...
Your body crumbles into a pile of gold.

.≈≈....
≈≈≈..≈≈
...≈≈≈≈ ♣♣♣
....≈≈. $
≈≈♣D..$≈.♣
♣....=..#
♣§§.≈≈≈###
♣♣♣♣♣W≈≈≈§≈≈.
♣♣.@FW§...≈≈≈.
♣..W.W.....≈≈.
♣.≈≈i.........
♣.≈≈≈≈≈≈≈≈≈≈..
♣..≈≈≈≈≈≈≈≈≈..
♣♣♣.≈≈≈≈≈≈≈..§
♣!§≈≈≈≈≈....
♣.≈≈≈≈≈≈...
♣.≈≈≈≈≈≈.≈


You could see a spriggan rider, a spiny frog and 4 wraiths.

Vanquished Creatures
  Gastronok (Lair:3)
  2 orc warlords
  Louise (D:15)
  Josephine (Swamp:1)
  2 ice dragons
  A fire dragon (D:15)
  Fannar (D:10)
  11 hydras
  Erolcha (D:9)
  2 centaur warriors
  5 vault guards (D:13)
  A catoblepas (D:15)
  A vampire mage (D:15)
  6 death yaks
  4 orc high priests (Orc:2)
  9 two-headed ogres
  A sun demon (Lair:6)
  3 swamp dragons (Swamp:1)
  3 unseen horrors
  2 wizards
  4 deep elf magi (D:15)
  Pikel (D:5)
  A wolf spider zombie (D:15)
  A necromancer (IceCv)
  5 orc knights
  3 cyclopes
  3 ugly things
  2 manticores (D:15)
  4 orc sorcerers
  9 elephants
  Maurice (D:8)
  4 centaur zombies
  4 black mambas
  An ice statue (IceCv)
  A smoke demon (Lair:6)
  A torpor snail (Lair:6)
  Psyche (D:8)
  2 naga magi (D:15)
  A gargoyle (D:13)
  11 spiny frogs
  6 kobold demonologists
  4 rime drakes
  2 orange demons (Lair:6)
  A redback zombie (D:15)
  8 komodo dragons
  10 freezing wraiths (IceCv)
  7 trolls
  A polar bear (Lair:5)
  A red devil (Lair:6)
  4 ice devils
  A tyrant leech (Swamp:1)
  3 hornets
  3 slime creatures (D:13)
  32 blink frogs
  3 dream sheep (Lair:6)
  A spriggan (D:7)
  12 hippogriffs
  2 shadows
  The ghost of Turner1 the Ruffian, an amateur OgTm (D:4)
  2 wraiths
  2 wyverns
  A yak (shapeshifter) (D:15)
  2 hungry ghosts
  A basilisk (shapeshifter) (D:13)
  36 yaks
  Grum (D:10)
  7 humans (D:13)
  A basilisk (Lair:6)
  Edmund (D:3)
  A death yak simulacrum (IceCv)
  15 vampire mosquitoes
  3 swamp worms (Swamp:1)
  An acid dragon (D:13)
  4 nagas (Lair:2)
  4 wargs
  5 hell hounds
  5 insubstantial wisps (Swamp:1)
  8 porcupines
  11 water moccasins
  A black bear (D:11)
  6 ice beasts (IceCv)
  A swamp drake (D:9)
  38 orc warriors
  2 phantoms
  A necrophage (D:12)
  5 sky beasts
  2 slaves (D:5)
  13 ogres
  20 wolves
  An eye of draining (D:13)
  4 centaurs
  8 crocodiles
  4 big kobolds
  20 bullfrogs
  A gnoll sergeant (D:6)
  2 wyvern zombies
  3 scorpions
  2 water moccasin skeletons
  An elephant simulacrum (IceCv)
  A swamp dragon simulacrum (IceCv)
  17 wights
  21 killer bees
  8 crimson imps
  2 jellies
  A bullfrog zombie (D:9)
  7 draconian simulacra (IceCv)
  17 orc priests
  3 centaur skeletons
  2 gnoll shamans
  Crazy Yiuf (D:4)
  6 hounds
  3 bullfrog skeletons
  8 iguanas
  Natasha (thrice) (D:4)
  49 orc wizards
  12 worker ants
  3 troll simulacra (IceCv)
  4 centaur simulacra (IceCv)
  A wolf simulacrum (IceCv)
  A hound zombie (D:10)
  3 worker ant zombies
  Robin (D:3)
  A howler monkey zombie (D:10)
  14 gnolls
  6 adders
  3 naga simulacra (IceCv)
  3 ogre simulacra (IceCv)
  2 river rats (D:4)
  3 shadow imps
  15 white imps
  2 oozes
  2 adder zombies
  An adder skeleton (D:9)
  2 dart slugs
  5 leopard geckos
  105 orcs
  6 bats
  8 giant cockroaches
  22 goblins
  9 hobgoblins
  16 jackals
  26 kobolds
  2 quokkas
  2 ball pythons
  6 frilled lizards
  A jackal skeleton (D:8)
  A jackal zombie (D:6)
  3 quokka skeletons
  7 rats
  2 fungi
  A plant (D:8)
916 creatures vanquished.

Vanquished Creatures (others)
  A cyclops (D:14)
  A vampire mosquito (Swamp:1)
  A centaur (D:14)
  An orc wizard (D:5)
  An orc (Orc:2)
  A bush (Lair:4)
  4 fungi
  8 plants
18 creatures vanquished.

Grand Total: 934 creatures vanquished

Notes
Turn   | Place    | Note
-------+----------+-------------------------------------------
     0 | D:1      | Faca the Mummy Fighter began the quest for the Orb.
     0 | D:1      | Reached XP level 1. HP: 18/18 MP: 1/1
   252 | D:1      | Reached XP level 2. HP: 16/24 MP: 2/2
   540 | D:1      | Reached XP level 3. HP: 11/29 MP: 3/3
  1844 | D:2      | Reached skill level 4 in Fighting
  2039 | D:2      | Reached XP level 4. HP: 28/37 MP: 4/4
  2710 | D:3      | Identified the +1 helmet "Iko Yhed" {-Cast rC+ Regen+}
  2710 | D:3      | Noticed Robin
  2967 | D:3      | Killed Robin
  3150 | D:3      | Reached XP level 5. HP: 43/43 MP: 5/5
  3828 | D:3      | Reached skill level 5 in Fighting
  3884 | D:4      | Reached XP level 6. HP: 51/51 MP: 6/6
  3945 | D:4      | Found the +3 hat of Pondering {ponderous, MR+ MP+10 Int+5}
  4052 | D:4      | Noticed Natasha
  4061 | D:4      | Killed Natasha
  4083 | D:4      | Noticed Edmund
  4185 | D:3      | Killed Edmund
  4281 | D:4      | Noticed Natasha
  4296 | D:4      | Killed Natasha
  4296 | D:4      | Reached skill level 6 in Fighting
  4306 | D:4      | Found a runed translucent door.
  4326 | D:4      | Found a runed translucent door.
  4326 | D:4      | Noticed Turner1's ghost (amateur OgTm)
  4363 | D:4      | Noticed Natasha
  4375 | D:4      | Killed Natasha
  4375 | D:4      | Reached XP level 7. HP: 53/58 MP: 7/7
  4396 | D:4      | Found a runed translucent door.
  4397 | D:4      | Noticed Crazy Yiuf
  4406 | D:4      | Killed Crazy Yiuf
  4442 | D:5      | Entered Level 5 of the Dungeon
  4601 | D:5      | Reached skill level 5 in Maces & Flails
  4787 | D:5      | Reached skill level 7 in Fighting
  4815 | D:5      | Noticed Pikel
  4823 | D:5      | Killed Pikel
  4823 | D:5      | Reached skill level 8 in Fighting
  4823 | D:5      | Reached XP level 8. HP: 68/68 MP: 8/8
  5191 | D:6      | Reached XP level 9. HP: 49/75 MP: 9/9
  5244 | D:6      | Reached skill level 9 in Fighting
  5683 | D:6      | Found a stormy altar of Qazlal.
  5962 | D:7      | Found a staircase to the Ecumenical Temple.
  6622 | D:7      | Found a glowing silver altar of Zin.
  6622 | D:7      | Found a shadowy altar of Dithmenos.
  6622 | D:7      | Found a snail-covered altar of Cheibriados.
  6622 | D:7      | Found a bloodstained altar of Trog.
  6629 | D:7      | Found a glowing golden altar of the Shining One.
  6631 | D:7      | Found a radiant altar of Vehumet.
  6790 | D:8      | Reached skill level 10 in Fighting
  6827 | D:8      | Found a staircase to the Lair.
  6828 | D:8      | Noticed a komodo dragon
  6872 | D:8      | Killed a komodo dragon
  7066 | D:8      | Noticed Maurice
  7081 | D:8      | Killed Maurice
  7228 | D:8      | Noticed Psyche
  7239 | D:8      | Killed Psyche
  7239 | D:8      | Reached XP level 10. HP: 69/86 MP: 10/10
  7274 | D:8      | Found Cesumon's Assorted Antiques.
  7352 | Temple   | Entered the Ecumenical Temple
  7380 | Temple   | Became a worshipper of Gozag Ym Sagoz the Greedy
  7655 | D:8      | Bought a vibrating golden ring for 150 gold pieces
  7655 | D:8      | Identified the ring "Geplarut" {Str+4 Int+5} (You bought it
                  | in a shop on level 8 of the Dungeon)
  7758 | D:9      | Noticed a two-headed ogre
  7879 | D:8      | Killed a two-headed ogre
  7879 | D:8      | Reached skill level 11 in Fighting
  8025 | D:9      | Found Bejavoem's Jewellery Shop.
  8033 | D:9      | Bought a cursed -3 ring of protection for 28 gold pieces
  8588 | D:9      | Found a staircase to the Orcish Mines.
  8708 | D:10     | Entered Level 10 of the Dungeon
  8711 | D:10     | Noticed a two-headed ogre
  8728 | D:9      | Killed a two-headed ogre
  8799 | D:9      | Upgraded the game from 0.25-a0-876-gadf69d5 to
                  | 0.25-a0-890-g62861fb
  8969 | D:10     | Noticed Fannar
  8972 | D:10     | Noticed Grum
  9121 | D:10     | Killed Fannar
  9121 | D:10     | Reached XP level 11. HP: 90/93 MP: 11/11
  9355 | D:10     | Noticed Erolcha
  9382 | D:9      | Killed Erolcha
  9497 | D:10     | Killed Grum
  9706 | D:10     | Reached skill level 5 in Armour
  9714 | D:10     | Reached skill level 10 in Maces & Flails
  9714 | D:10     | Reached skill level 5 in Shields
 10013 | D:10     | Reached skill level 12 in Fighting
 10197 | D:11     | Noticed a centaur warrior
 10223 | D:11     | Killed a centaur warrior
 10654 | D:11     | Killed an unseen horror
 10707 | D:11     | Noticed a two-headed ogre
 10721 | D:11     | Killed a two-headed ogre
 10830 | D:11     | Noticed a two-headed ogre
 10855 | D:11     | Killed a two-headed ogre
 11043 | D:11     | Reached XP level 12. HP: 103/103 MP: 12/12
 11103 | D:11     | Noticed a two-headed ogre
 11121 | D:11     | Killed a two-headed ogre
 11610 | Lair:1   | Entered Level 1 of the Lair of Beasts
 12914 | Lair:2   | Reached skill level 13 in Fighting
 13097 | Lair:2   | Found a staircase to the Snake Pit.
 13544 | Lair:3   | Noticed an eight-headed hydra
 13545 | Lair:3   | Found a staircase to the Swamp.
 13557 | Lair:2   | Killed an eight-headed hydra
 13808 | Lair:3   | Noticed Gastronok
 13835 | Lair:3   | Killed Gastronok
 13835 | Lair:3   | Gained mutation: You are in touch with the powers of death.
                  | [Mummy growth]
 13835 | Lair:3   | Reached XP level 13. HP: 83/111 MP: 13/13
 15120 | Lair:4   | Found a radiant altar of Vehumet.
 16461 | Lair:6   | Entered Level 6 of the Lair of Beasts
 16673 | Lair:5   | Reached skill level 14 in Fighting
 16809 | Lair:6   | Found a staircase to the Slime Pits.
 16809 | Lair:6   | Found a viscous altar of Jiyva.
 16888 | Lair:6   | HP: 5/113 [ice dragon (9)]
 17466 | Lair:6   | Reached XP level 14. HP: 111/120 MP: 14/14
 18395 | Lair:6   | Found a burning altar of Makhleb.
 18782 | Lair:6   | Found a gateway to Hell.
 18790 | Lair:6   | Got a wavering bronze ring
 18792 | Lair:6   | Identified the cursed ring "Piynoo" {+Fly rElec EV-2 Int-2
                  | Slay+4} (You found it on level 6 of the Lair of Beasts)
 19240 | Orc:1    | Entered Level 1 of the Orcish Mines
 19340 | Orc:1    | Noticed an orc warlord
 19593 | D:9      | Killed an orc warlord
 20316 | Orc:2    | Entered Level 2 of the Orcish Mines
 20796 | Orc:2    | Noticed an orc warlord
 21014 | Orc:1    | Killed an orc warlord
 21385 | Orc:2    | HP: 1/121 [orc high priest/divine providence (13)]
 21584 | Orc:2    | Reached skill level 10 in Armour
 21739 | Orc:2    | Reached skill level 10 in Shields
 21942 | Orc:2    | Found Roani's Armour Boutique.
 22023 | Orc:2    | Found a staircase to the Elven Halls.
 22129 | Orc:2    | Reached skill level 15 in Fighting
 22178 | Orc:2    | Found Numaruapn's General Store.
 22179 | Orc:2    | Found Kanokk's Book Emporium.
 22180 | Orc:2    | Found Vaghag's Antique Armour Shoppe.
 22180 | Orc:2    | Found Bathrok's Antique Weapon Shoppe.
 22194 | Orc:2    | Bought a scroll of blinking for 112 gold pieces
 22326 | Orc:2    | Bought a shimmering chain mail for 304 gold pieces
 22326 | Orc:2    | Identified the +6 chain mail of the Sea {-Cast rElec rF-
                  | rN+++} (You bought it in a shop on level 2 of the Orcish
                  | Mines)
 22336 | Orc:2    | Bought a cursed ring of teleportation for 54 gold pieces
 22337 | Orc:2    | Bought the ring "Padyo" {rPois rF+ rN+ Str+4 SInv} for 636
                  | gold pieces
 22348 | Orc:2    | Bought a runed morningstar for 315 gold pieces
 22559 | D:4      | Killed Turner1's ghost
 23259 | Orc:2    | Bought the brooch of Shielding {Reflect SH+8} for 1275 gold
                  | pieces
 23259 | Orc:2    | Found the brooch of Shielding {Reflect SH+8}
 23451 | D:12     | Identified the +1 robe of the Ban {rElec rC+ rN+ Dex+4}
 23457 | D:12     | Reached XP level 15. HP: 129/129 MP: 15/15
 23487 | D:12     | Found a portal to a secret trove of treasure.
 23984 | D:13     | Found a frozen archway.
 24031 | IceCv    | Entered an ice cave
 24371 | IceCv    | Found an ancient bone altar of Kikubaaqudgha.
 25043 | D:13     | Found Juock's Distillery.
 25251 | D:13     | Found a gate to the Vaults.
 25775 | D:14     | Reached skill level 1 in Throwing
 25974 | D:15     | Entered Level 15 of the Dungeon
 26187 | D:15     | Noticed Louise
 26270 | D:15     | Killed Louise
 26848 | D:15     | Found a staircase to the Depths.
 27032 | D:15     | Found the +12 glaive of Prune {vorpal}
 27589 | Swamp:1  | Entered Level 1 of the Swamp
 27608 | Swamp:1  | Reached XP level 16. HP: 99/138 MP: 16/16
 27877 | Swamp:1  | Noticed Josephine
 27893 | Swamp:1  | Killed Josephine
 27902 | Swamp:1  | HP: 5/138 [wraith[Josephine] (10)]
 27903 | Swamp:1  | Slain by a spiny frog

Levels and vault maps discovered:
D:1:      mainiacjoe_arrival_reflecting_pool, layout_loops_ring
D:2:      layout_loops_corners, minmay_pentomino_s2
D:3:      kennysheep_goblin_castle, layout_basic, first_ration
D:4:      layout_rooms, ebering_ghost_sewer_f, uniq_crazy_yiuf_cottage,
          uniq_edmund, uniq_natasha
D:5:      layout_basic, uniq_pikel
D:6:      layout_basic, basic_altar, chequers_serial_rivers_micro_e
D:7:      layout_basic, minmay_overflow_temple_hex, minmay_temple_entry_trees,
          minivault_19, the_bakery
D:8:      layout_rooms, david_lair_shrubbed, serial_shops,
          nicolae_shop_overgrown_old_shop, kennysheep_another_room,
          minivault_14, eino_jars, uniq_maurice, uniq_psyche
D:9:      layout_roguey, erik_orc_1, serial_shops, shop
D:10:     layout_basic, uniq_erolcha, uniq_grum, uniq_fannar
D:11:     kennysheep_six_static_rooms, layout_loops_corners
D:12:     layout_roguey, enter_trove_2
D:13:     layout_cave_pools, ximxim_vaults_locker_room, serial_shops,
          kennysheep_mini_moat, portal_ice_cave_demonic_guard
D:14:     layout_roguey
D:15:     grunt_enter_depths_hoard, layout_gridville,
          minmay_guarded_unrand_prune, uniq_louise
Temple:   eino_temple_rhombus
Lair:1:   dpeg_oklob_gauntlet, layout_regular_city, grunt_megastairs_5
Lair:2:   layout_regular_city, minmay_snake_entry_guardpost_large
Lair:3:   layout_roguey, swamp_mist_pool, lemuel_old_faithful, uniq_gastronok
Lair:4:   layout_long_grid, basic_altar
Lair:5:   layout_layer_cave, grunt_megastairs_3
Lair:6:   evil_forest, layout_cave_pods, slime_altar_1, bobbens_ice_dragon_lair
Swamp:1:  layout_basic_swamp, evilmike_swamp_ruin_wall, swamp_pool1,
          infiniplex_staircase_pool_2, uniq_josephine
Orc:1:    layout_caves
Orc:2:    st_orc_congregation, layout_caves, serial_shops, nicolae_shop_stone,
          guppyfry_library_mini

Skill      XL: |  1  2  3  4  5  6  7  8  9 10 11 12 13 14 15 16 |
---------------+-------------------------------------------------+-----
Maces & Flails | 2 3 4 6 7 8 9 10 11 12 13 | 13.6
Fighting       | 4 5 6 8 10 11 12 13 14 15 | 15.9
Shields        | 4 6 7 8 10 11 | 11.1
Armour         | 4 6 7 8 10 11 | 11.2
Throwing       | 2 3 |  3.2

Action                   |  1- 3 |  4- 6 |  7- 9 | 10-12 | 13-15 | 16-18 || total
-------------------------+-------+-------+-------+-------+-------+-------++-------
Melee: Flail             |   362 |   478 |   490 |  1137 |  1571 |       ||  4038
       Morningstar       |       |       |       |       |  1013 |    80 ||  1093
Throw: Dart              |       |    20 |    10 |    10 |       |       ||    40
       Boomerang         |       |       |       |       |     2 |       ||     2
Invok: Potion Petition   |       |       |       |     1 |       |       ||     1
       Call Merchant     |       |       |       |       |     3 |       ||     3
Evoke: Wand              |       |       |       |     3 |       |       ||     3
  Use: Scroll            |     5 |     3 |     4 |     5 |    12 |     1 ||    30
 Stab: Confused          |       |       |       |     2 |       |       ||     2
       Distracted        |       |       |       |     1 |    13 |       ||    14
       Sleeping          |       |       |       |    12 |       |       ||    12
       Invisible         |       |       |       |     6 |       |       ||     6
Armor: Scale mail        |   203 |       |       |       |       |       ||   203
       Chain mail        |       |   382 |   278 |    55 |   578 |       ||  1293
       Plate armour      |       |       |       |   652 |   852 |    47 ||  1551
Dodge: Dodged            |   126 |   130 |    90 |   192 |   563 |    15 ||  1116
Block: Kite shield       |   203 |   289 |   194 |   596 |  2251 |   102 ||  3635
       Reflection        |       |       |       |       |    43 |     5 ||    48

Table legend:
 A = Non-vault XP
 B = Vault XP
 C = Vault XP percentage of total XP
 D = Non-vault monster count
 E = Vault monster count
 F = Vault count percentage of total count
                 A         B        C        D         E       F
            +---------+---------+-------+---------+---------+-------
      Total |  102752 |   58720 |  36.4 |     644 |     270 |  29.5
            +---------+---------+-------+---------+---------+-------
        D:1 |      49 |       0 |   0.0 |      25 |       0 |   0.0
        D:2 |      75 |       7 |   8.5 |      19 |       4 |  17.4
        D:3 |     219 |     221 |  50.2 |      24 |      20 |  45.5
        D:4 |     156 |     403 |  72.1 |      11 |       9 |  45.0
        D:5 |     631 |     629 |  49.9 |      23 |       1 |   4.2
        D:6 |    1490 |       0 |   0.0 |      36 |       0 |   0.0
        D:7 |     491 |     239 |  32.7 |      16 |       1 |   5.9
        D:8 |    1640 |    1368 |  45.5 |      26 |       8 |  23.5
        D:9 |    4710 |    1566 |  25.0 |      32 |      18 |  36.0
       D:10 |    4063 |    1553 |  27.7 |      35 |       5 |  12.5
       D:11 |    6449 |     584 |   8.3 |      26 |       6 |  18.8
       D:12 |    5480 |       0 |   0.0 |      59 |       0 |   0.0
       D:13 |    8937 |    7090 |  44.2 |      40 |      14 |  25.9
       D:14 |    4938 |       0 |   0.0 |      23 |       0 |   0.0
       D:15 |   11376 |    7977 |  41.2 |      29 |      11 |  27.5
     Lair:1 |    4240 |     863 |  16.9 |      20 |       2 |   9.1
     Lair:2 |    7288 |     658 |   8.3 |      29 |       4 |  12.1
     Lair:3 |    2178 |    2089 |  49.0 |      11 |       1 |   8.3
     Lair:4 |    9221 |       0 |   0.0 |      32 |       0 |   0.0
     Lair:5 |    7511 |    3833 |  33.8 |      21 |       9 |  30.0
     Lair:6 |    9396 |    9464 |  50.2 |      32 |      27 |  45.8
    Swamp:1 |    8280 |    1317 |  13.7 |      20 |       2 |   9.1
      Orc:1 |    3285 |    3004 |  47.8 |      44 |      15 |  25.4
      Orc:2 |     649 |    9502 |  93.6 |      11 |      59 |  84.3
      IceCv |       0 |    6353 | 100.0 |       0 |      54 | 100.0
            +---------+---------+-------+---------+---------+-------
